 Dungeon Crawl Stone Soup version 0.29-a0-834-g1e95ca9f62 (webtiles) character file.

Game seed: 16829348528375265290

68285 purpskrrrp the Unseen (level 15, -21/75 HPs)
             Began as a Vine Stalker Enchanter on July 12, 2022.
             Was an Initiate of Gozag.
             Demolished by a lorocyproca (29 damage)
             ... created by a Zot trap
             ... on level 1 of the Swamp on July 13, 2022.
             The game lasted 01:57:16 (19161 turns).

purpskrrrp the Unseen (Vine Stalker Enchanter)     Turns: 19161, Time: 01:57:16

Health: -21/75     AC: 19    Str:  5    XL:     15   Next: 26%
Magic:  0/25       EV: 18    Int: 23    God:    Gozag
Gold:   6707       SH:  5    Dex: 30    Spells: 18/23 levels left

rFire   + . .      SeeInvis .   l - +9 quick blade (spect)
rCold   + . .      Faith    .   (no shield)
rNeg    . . .      Spirit   +   V - +3 leather armour {rF+}
rPois   +          Reflect  +   a - +1 helmet of Free Will {rCorr Str-5 Int+4 Dex+3}
rElec   .          Harm     .   T - +2 cloak {rPois}
rCorr   +          Rampage  .   o - +2 pair of gloves
Will    +....                   m - +1 pair of boots
Stlth   +++++++...              h - amulet of reflection
HPRegen 1.02/turn               j - +4 ring of protection
MPRegen 0.19/turn               Y - +6 ring of dexterity

@: silenced, flying
A: fangs 3, regeneration 1, magic shield, antimagic bite, no potion heal 2,
clever 1, cold resistance 1, deformed body, high MP 1
a: Renounce Religion


You were on level 1 of the Swamp.
You worshipped Gozag.
Gozag was greatly pleased with you.
You visited 5 branches of the dungeon, and saw 20 of its levels.
You also visited: Bailey.

You collected 6795 gold pieces.
You paid 88 gold pieces to Gozag.

Inventory:

Hand Weapons
 b - a +4 rapier of electrocution
 c - a +4 quick blade
 l - a +9 spectral quick blade (weapon)
 N - a +2 dagger of venom
Missiles
 W - a throwing net
Armour
 a - the +1 helmet of Free Will (worn) {rCorr Str-5 Int+4 Dex+3}
   (You acquired it on level 1 of the Lair of Beasts)

   Str:       It affects your strength (-5).
   Int:       It affects your intelligence (+4).
   Dex:       It affects your dexterity (+3).
   rCorr:     It protects you from acid and corrosion.
 d - a +4 chain mail of poison resistance
 m - a +1 pair of boots (worn)
 o - a +2 pair of gloves (worn)
 T - a +2 cloak of poison resistance (worn)
 V - a +3 leather armour of fire resistance (worn)
Jewellery
 h - an amulet of reflection (around neck)
 j - a +4 ring of protection (left hand)
 n - a ring of willpower
 p - a ring of poison resistance
 t - a ring of ice
 x - a ring of resist corrosion
 y - a ring of protection from cold
 C - a ring of flight
 F - a ring of see invisible
 Y - a +6 ring of dexterity (right hand)
 Z - a +4 ring of protection
Wands
 D - a wand of mindburst (34)
 J - a wand of iceblast (23)
 K - a wand of digging (3)
 L - a wand of charming (11)
 M - a wand of polymorph (6)
 R - a wand of acid (4) (quivered)
 X - a wand of flame (12)
Scrolls
 f - 4 scrolls of teleportation
 r - 4 scrolls of amnesia
 v - 2 scrolls of identify
 H - 8 scrolls of immolation
 Q - a scroll of magic mapping
Potions
 e - 3 potions of magic
 g - 6 potions of might
 i - a potion of cancellation {unknown}
 k - 10 potions of curing
 q - 2 potions of berserk rage {unknown}
 s - 5 potions of flight
 u - 2 potions of ambrosia {unknown}
 w - 4 potions of mutation
 A - 5 potions of haste {unknown}
 G - 6 potions of heal wounds
 I - a potion of lignification {unknown}
 S - 3 potions of brilliance {unknown}
 U - 2 potions of degeneration {unknown}
Miscellaneous
 z - a phial of floods
 E - a condenser vane (inert)


   Skills:
 + Level 7.2 Fighting
 * Level 11.7 Short Blades
 + Level 1.1 Throwing
 + Level 3.3 Armour
 + Level 7.0 Dodging
 * Level 20.0 Stealth
 + Level 4.7 Shields
 + Level 4.6 Spellcasting
 * Level 11.4 Hexes
 + Level 2.6 Ice Magic
 + Level 1.1 Evocations


You had 18 spell levels left.
You knew the following spells:

 Your Spells              Type           Power      Damage    Failure   Level
a - Ensorcelled Hibernat  Hex/Ice        74%        N/A       1%          2
b - Dazzling Flash        Conj/Hex       62%        N/A       4%          3

Your spell library contained the following spells:

 Spells                   Type           Power      Damage    Failure   Level
 Confusing Touch          Hex            55%        N/A       1%          3
 Tukima's Dance           Hex            55%        N/A       1%          3
 Cause Fear               Hex            27%        N/A       1%          4
 Portal Projectile        Hex/Tloc       62%        N/A       4%          3
 Sting                    Tmut/Pois      20%        1d4       16%         1
 Poisonous Vapours        Pois/Air       10%        N/A       24%         2
 Silence                  Hex/Air        15%        N/A       38%         5
 Summon Mana Viper        Hex/Summ       31%        N/A       38%         5
 Yara's Violent Unravell  Hex/Tmut       15%        3d8       38%         5
 Gell's Gravitas          Tloc           5%         N/A       43%         3
 Teleport Other           Tloc           5%         N/A       43%         3
 Summon Ice Beast         Ice/Summ       11%        N/A       67%         4
 Enfeeble                 Hex            27%        N/A       77%         7
 Olgreb's Toxic Radiance  Pois           5%         N/A       85%         4
 Freezing Cloud           Conj/Ice/Air   4%         6-21      97%         5
 Agony                    Necr           5%         N/A       99%         5
 Blade Hands              Tmut           2%         N/A       99%         5
 Dispersal                Tloc           2%         N/A       100%        6
 Dragon Form              Tmut           2%         N/A       100%        7
 Monstrous Menagerie      Summ           2%         N/A       100%        7
 Dragon's Call            Summ           2%         N/A       100%        9
 Polar Vortex             Ice            8%         N/A       100%        9
 Simulacrum               Ice/Necr       Unusable   N/A       N/A         6

Dungeon Overview and Level Annotations

Branches:
Dungeon (11/15)            Temple (1/1) D:4            Lair (6/6) D:8
  Swamp (1/4) Lair:2        Snake (0/4) Lair:3        Slime (1/5) Lair:6
 Bailey (visited)
    Orc: D:9-12

Altars:
Ashenzari
Cheibriados
Dithmenos
Elyvilon
Fedhas
Gozag
Hepliaklqana
Kikubaaqudgha
Makhleb
Nemelex Xobeh
Okawaru
Qazlal
Ru
Sif Muna
Trog
Uskayaw
Vehumet
Wu Jian
Xom
Yredelemnul
Zin
The Shining One

Shops:
D:5 !

Annotations:
Swamp:1 1 transporter


Innate Abilities, Weirdness & Mutations

You have razor-sharp teeth.
Your natural rate of healing is unusually fast.
When hurt, damage is shared between your health and your magic reserves.
Your bite disrupts and absorbs the magic of your enemies.
Potions cannot restore your health.
Your mind is acute. (Int +4, Str/Dex -1)
Your flesh is cold resistant. (rC+)
Armour fits poorly on your strangely shaped body.
You have an increased reservoir of magic. (+10% MP)


Message History

The harpoon shot hits you.
You are yanked forward by the harpoon shot.
You collide with the briar patch!
The briar patch is moderately damaged.
You enter the Zot trap.
The power of Zot is invoked against you!
You sense a hostile presence.
The Ice Fiend gestures at you. The bolt of cold misses you.
Magic scrolls do not work when you're silenced!
There are monsters nearby!
Do you really want to fly into the Zot trap? (Confirm with "yes".)
Okay, then.
You completely miss the Ice Fiend.
You bite the Ice Fiend, but do no damage.
Your +9 spectral quick blade hits the Ice Fiend.
The swamp worm fires a harpoon shot at you.
The harpoon shot hits you!
* * * LOW HITPOINT WARNING * * *
You are yanked forward by the harpoon shot.
You collide with the briar patch!
The briar patch is severely damaged.
* * * LOW HITPOINT WARNING * * *
You enter the Zot trap.
The power of Zot is invoked against you!
The swamp worm fires a harpoon shot at you.
The harpoon shot hits your +9 spectral quick blade!
Your spectral weapon shares its damage with you!
* * * LOW HITPOINT WARNING * * *
You cannot cast spells when silenced!
Clouds of freezing vapour condense around you!
The condenser dries out!
The briar patch is engulfed in freezing vapours. x3
You destroy the briar patch!
The briar patch is engulfed in freezing vapours.
The swamp worm is engulfed in freezing vapours. x3
The swamp worm fires a harpoon shot at you.
The harpoon shot misses you. Something hits you!!
You die...
Your body crumbles into a pile of gold.

≈≈.♣♣♣....)≈≈≈≈≈≈≈≈..♣♣♣♣.>.♣♣ ♣
♣.≈.♣♣♣<≈.≈.....≈.≈≈...≈...♣♣♣♣♣♣
♣.≈≈≈♣♣≈≈.≈≈..≈..≈♣♣.≈.≈≈.♣♣♣♣.(♣
..≈≈.≈............♣♣.≈.≈≈≈♣♣♣.≈.♣
♣....♣...#########.♣≈≈≈...≈≈..≈.♣
≈≈≈≈≈....#w#w#w#w#..≈...♣♣.>§...♣
§≈≈≈≈.####§§≈#§§§##.≈≈......≈≈♣.♣
≈≈≈≈≈.#=?#PPP§PP1P#...≈§♣≈...≈♣.♣
≈≈≈≈≈©#©$+^^^^^§@§#©...≈≈≈...♣♣.♣
.≈..≈.#[/#PP☼PPP§P#..≈≈≈≈≈≈≈.♣♣.♣
..≈≈..####≈≈#§§§§##..≈≈≈♣≈≈...♣.♣
.§.≈.....##w#♣#w##...≈≈.≈≈(≈♣.≈.♣
≈≈.≈.♣♣♣.#########..≈.≈♣§..≈≈..♣.
♣♣.≈♣♣ ♣..........≈≈.♣♣.≈♣♣≈♣♣♣.♣
.♣.♣♣ ♣♣≈.≈..≈♣.♣..≈.♣.≈♣♣♣♣ ♣♣♣
♣.♣♣ ♣≈≈≈.≈[≈..≈..§≈.♣♣.♣ .♣♣
♣..≈≈≈.≈.≈..♣≈♣♣♣♣♣♣


You could see an Ice Fiend (unsilenced) and 6 swamp worms.

Vanquished Creatures
  Nikola (Swamp:1)
  Gastronok (Lair:1)
  A fenstrider witch (Swamp:1)
  An eleionoma (Swamp:1)
  The ghost of valliere the Arsonist, a journeyman DrFE of Sif Muna (Lair:1)
  A great orb of eyes (Slime:1)
  Erolcha (D:10)
  A ghost crab (Swamp:1)
  5 hydras
  A two-headed ogre (D:9)
  2 catoblepae
  3 alligators (Swamp:1)
  4 death yaks (Lair:6)
  3 goliath frogs (Swamp:1)
  2 spriggan druids (Swamp:1)
  A swamp dragon (Swamp:1)
  A shining eye (Slime:1)
  14 elephants
  7 black mambas
  2 torpor snails
  14 cane toads
  2 kobold demonologists (Bailey)
  14 komodo dragons
  4 rime drakes
  A queen bee (Lair:2)
  A troll (D:8)
  4 polar bears
  Prince Ribbit (D:7)
  Grinder (D:4)
  4 hornets
  5 tyrant leeches
  19 blink frogs
  18 dream sheep
  42 yaks
  3 spriggans (Swamp:1)
  A wraith (D:8)
  Eustachio (D:5)
  A vampire (D:9)
  7 wyverns
  A steam dragon (D:7)
  8 vampire mosquitoes
  7 basilisks
  5 swamp worms (Swamp:1)
  15 water moccasins
  An acid dragon (D:10)
  A naga (Lair:3)
  An ice beast (D:6)
  9 orc warriors (Bailey)
  2 black bears (D:7)
  A sky beast (D:7)
  A centaur (D:7)
  23 wolves
  A phantom (D:7)
  A kobold brigand (D:10)
  16 bullfrogs
  A necrophage (D:5)
  2 gnoll sergeants
  43 killer bees
  15 electric eels
  4 howler monkeys
  9 hounds
  17 jellies
  2 orc priests (D:9)
  3 orc wizards
  7 hell rats (Lair:3)
  15 gnolls
  A river rat (Lair:2)
  8 adders
  A shadow imp (D:5)
  2 white imps
  3 worms
  2 dart slugs
  20 orcs
  9 ball pythons
  5 endoplasms
  2 giant cockroaches
  18 goblins
  9 hobgoblins
  3 jackals (D:1)
  5 quokkas
  3 bats
  14 kobolds
  4 rats
  A briar patch (Swamp:1)
  A butterfly (Lair:6)
518 creatures vanquished.

Vanquished Creatures (collateral kills)
  A hydra (Lair:6)
  A cane toad (Lair:6)
  A rime drake (Lair:5)
  A basilisk (Lair:5)
  A wolf (Lair:5)
  A kobold brigand (D:9)
  A bullfrog (Lair:5)
  A killer bee (D:9)
  A kobold (D:9)
9 creatures vanquished.

Vanquished Creatures (others)
  A sky beast (D:8)
  A killer bee (D:9)
  A briar patch (Swamp:1)
  2 bushes (Lair:6)
  48 fungi
  93 plants
146 creatures vanquished.

Grand Total: 673 creatures vanquished

Notes
Turn   | Place    | Note
-------+----------+-------------------------------------------
     0 | D:1      | purpskrrrp the Vine Stalker Enchanter began the quest for
                  | the Orb.
     0 | D:1      | Reached XP level 1. HP: 9/9 MP: 4/4
   182 | D:1      | Gained mutation: You occasionally shout uncontrollably at
                  | your foes. [mutagenic glow]
   197 | D:1      | Gained mutation: Armour fits poorly on your strangely
                  | shaped body. [mutagenic glow]
   229 | D:1      | Gained mutation: You are frail. (-10% HP) [mutagenic glow]
   277 | D:1      | Reached skill level 4 in Stealth
   277 | D:1      | Reached XP level 2. HP: 7/11 MP: 6/6
   447 | D:1      | Learned a level 2 spell: Ensorcelled Hibernation
   820 | D:1      | Reached skill level 1 in Short Blades
   921 | D:1      | Found a faded altar of an unknown god.
  1621 | D:2      | Reached XP level 3. HP: 12/14 MP: 7/7
  2382 | D:3      | Reached skill level 1 in Fighting
  2382 | D:3      | Gained mutation: Your natural rate of healing is unusually
                  | fast. [Vine Stalker growth]
  2382 | D:3      | Reached XP level 4. HP: 19/19 MP: 8/8
  2899 | D:3      | You fall into a shaft and drop 2 floors!
  2899 | D:5      | Entered Level 5 of the Dungeon
  3052 | D:5      | Found Wosoirr's Distillery.
  3152 | D:5      | Reached XP level 5. HP: 22/22 MP: 9/9
  3154 | D:5      | Reached skill level 5 in Stealth
  3206 | D:5      | Noticed Eustachio
  3228 | D:5      | Killed Eustachio
  3229 | D:5      | Reached XP level 6. HP: 22/27 MP: 10/10
  3276 | D:5      | Reached skill level 6 in Stealth
  3312 | D:4      | Found a staircase to the Ecumenical Temple.
  3395 | Temple   | Entered the Ecumenical Temple
  3655 | Temple   | Became a worshipper of Gozag Ym Sagoz the Greedy
  3914 | D:4      | Noticed Grinder
  3974 | D:4      | Killed Grinder
  3975 | D:4      | Reached skill level 1 in Shields
  3975 | D:4      | Reached XP level 7. HP: 8/29 MP: 1/11
  4596 | D:5      | Reached skill level 7 in Stealth
  5173 | D:6      | Gained mutation: You have razor-sharp teeth. [Vine Stalker
                  | growth]
  5173 | D:6      | Reached XP level 8. HP: 35/35 MP: 8/12
  5640 | D:7      | Noticed a hornet
  5649 | D:7      | Paralysed by a hornet for 1 turns
  5660 | D:7      | Killed a hornet
  5661 | D:7      | Reached skill level 5 in Hexes
  5740 | D:7      | Reached skill level 8 in Stealth
  5813 | D:7      | Reached skill level 5 in Short Blades
  5906 | D:7      | Reached XP level 9. HP: 33/38 MP: 12/14
  5966 | D:7      | Reached skill level 9 in Stealth
  5995 | D:7      | Reached skill level 1 in Ice Magic
  6111 | D:7      | Noticed Prince Ribbit
  6121 | D:7      | Killed Prince Ribbit
  6675 | D:8      | Found a staircase to the Lair.
  6778 | D:8      | Noticed a troll
  6789 | D:8      | Killed a troll
  7081 | D:8      | Reached skill level 10 in Stealth
  7140 | D:8      | Reached XP level 10. HP: 44/44 MP: 14/16
  7768 | D:8      | Identified a scroll of acquirement
  7768 | D:8      | Acquired a +2 quick blade
  7807 | D:8      | Lost mutation: You are frail. (-10% HP) [potion of
                  | mutation]
  7807 | D:8      | Lost mutation: You occasionally shout uncontrollably at
                  | your foes. [potion of mutation]
  7807 | D:8      | Lost mutation: Armour fits poorly on your strangely shaped
                  | body. [potion of mutation]
  7807 | D:8      | Gained mutation: Armour fits poorly on your strangely
                  | shaped body. [potion of mutation]
  7807 | D:8      | Gained mutation: You expend magic power (3 MP) to
                  | strengthen your wands. [potion of mutation]
  7808 | D:8      | Lost mutation: You expend magic power (3 MP) to strengthen
                  | your wands. [potion of mutation]
  7808 | D:8      | Lost mutation: Armour fits poorly on your strangely shaped
                  | body. [potion of mutation]
  7808 | D:8      | Gained mutation: Your mind is acute. (Int +4, Str/Dex -1)
                  | [potion of mutation]
  7808 | D:8      | Gained mutation: Your flesh is cold resistant. (rC+)
                  | [potion of mutation]
  7808 | D:8      | Gained mutation: You have an increased reservoir of magic.
                  | (+10% MP) [potion of mutation]
  7859 | D:8      | Learned a level 3 spell: Dazzling Flash
  7888 | D:9      | Noticed a two-headed ogre
  7902 | D:9      | Killed a two-headed ogre
  8437 | D:9      | Reached skill level 11 in Stealth
  8857 | D:10     | Entered Level 10 of the Dungeon
  8904 | D:10     | Found a flagged portal.
  8919 | Bailey   | Entered a bailey
  9013 | Bailey   | Noticed a kobold demonologist
  9020 | Bailey   | Killed a kobold demonologist
  9167 | Bailey   | Found an iron altar of Okawaru.
  9167 | Bailey   | Noticed a kobold demonologist
  9216 | Bailey   | Killed a kobold demonologist
  9354 | Bailey   | Reached skill level 12 in Stealth
  9508 | Bailey   | Reached XP level 11. HP: 52/53 MP: 20/20
  9866 | Bailey   | Acquired a +7 quick blade
 10410 | D:10     | Noticed Erolcha
 10425 | D:10     | Killed Erolcha
 10501 | D:10     | Found a hide-covered altar of Uskayaw.
 11398 | D:11     | Noticed a manticore
 11423 | D:11     | Noticed a white ugly thing
 11591 | Lair:1   | Entered Level 1 of the Lair of Beasts
 11591 | Lair:1   | Noticed Gastronok
 11604 | Lair:1   | Killed Gastronok
 11605 | Lair:1   | Reached skill level 5 in Dodging
 11630 | Lair:1   | Found a runed translucent door.
 11630 | Lair:1   | Noticed valliere's ghost (journeyman DrFE)
 11740 | Lair:1   | Reached skill level 13 in Stealth
 11785 | Lair:1   | Reached skill level 1 in Throwing
 11935 | Lair:1   | Reached XP level 12. HP: 56/59 MP: 18/21
 11937 | Lair:1   | Reached skill level 5 in Fighting
 12585 | Lair:1   | Killed valliere's ghost
 12615 | Lair:1   | Acquired the +1 helmet of Free Will {rCorr Str-5 Int+4
                  | Dex+3}
 12677 | Lair:2   | Found a staircase to the Swamp.
 12679 | Lair:2   | Reached skill level 14 in Stealth
 13279 | Lair:2   | Noticed a five-headed hydra
 13291 | Lair:2   | Reached skill level 10 in Short Blades
 13319 | Lair:2   | Killed a five-headed hydra
 13320 | Lair:2   | Reached skill level 15 in Stealth
 13468 | Lair:2   | Acquired 877 gold pieces
 14343 | Lair:3   | Reached XP level 13. HP: 64/64 MP: 22/22
 14530 | Lair:3   | Found a staircase to the Snake Pit.
 14812 | Lair:3   | Reached skill level 16 in Stealth
 15220 | Lair:4   | Reached skill level 1 in Armour
 15922 | Lair:5   | Reached skill level 17 in Stealth
 15939 | Lair:5   | Reached skill level 10 in Hexes
 16489 | Lair:6   | Entered Level 6 of the Lair of Beasts
 16593 | Lair:5   | Reached XP level 14. HP: 48/70 MP: 24/24
 16647 | Lair:6   | Reached skill level 18 in Stealth
 17552 | Lair:6   | Found a staircase to the Slime Pits.
 17581 | Lair:6   | Reached skill level 1 in Evocations
 18123 | Slime:1  | Entered Level 1 of the Pits of Slime
 18123 | Slime:1  | Noticed an azure jelly
 18127 | Slime:1  | Noticed a quicksilver ooze
 18130 | Slime:1  | Noticed a rockslime
 18134 | Slime:1  | Reached skill level 19 in Stealth
 18135 | Slime:1  | Gained mutation: Armour fits poorly on your strangely
                  | shaped body. [a shining eye]
 18224 | Swamp:1  | Entered Level 1 of the Swamp
 18225 | Swamp:1  | Noticed an eleionoma
 18347 | Swamp:1  | Killed an eleionoma
 18372 | Swamp:1  | Found a transporter.
 18394 | Swamp:1  | Reached XP level 15. HP: 75/75 MP: 25/25
 18587 | Swamp:1  | Noticed Nikola
 18623 | Swamp:1  | Killed Nikola
 18700 | Swamp:1  | Found a transporter.
 18745 | Swamp:1  | Noticed a fenstrider witch
 18791 | Swamp:1  | Killed a fenstrider witch
 18801 | Swamp:1  | Reached skill level 20 in Stealth
 18802 | Swamp:1  | Identified the +7 quarterstaff of Gatsun {vorpal, Str+3}
 19158 | Swamp:1  | Noticed an Ice Fiend
 19161 | Swamp:1  | Demolished by a lorocyproca

Illustrated notes

Levels and vault maps discovered:
D:1:      scummos_arrival_checkerplants, layout_loops_ring, serial_forest,
          infiniplex_forest_3_way, infiniplex_forest_lined_3,
          infiniplex_forest_side_room, infiniplex_forest_straight_1,
          infiniplex_forest_zigzag_2, infiniplex_forest_corner_1,
          ebering_ecumenical_altar_box, serial_bayou_crossing
D:2:      layout_rooms, kennysheep_generic_room_12
D:3:      layout_basic
D:4:      layout_basic, minmay_temple_entry_statues_pillars, nrook_campfire,
          uniq_grinder
D:5:      layout_basic, serial_shops, nicolae_take_the_stairs, uniq_eustachio
D:6:      layout_basic
D:7:      layout_basic, uniq_prince_ribbit1
D:8:      layout_loops_ring, erik_lair_island
D:9:      layout_stronghold
D:10:     layout_long_grid, nicolae_uskayaw_suspiria, serial_co_window_serial,
          co_window_corner_a, co_window_paths_b, co_window_paths_b,
          co_window_paths_b, co_window_corner_a, co_window_of_opportunity_a,
          co_window_cross_1, co_window_broadway_a, co_window_broadway_a,
          co_window_unsneaky_path_d, co_window_paths_c, co_window_corner_b,
          glass_columns_a, glass_columns_b, enter_bailey_3, amethyst_killhole,
          uniq_erolcha
D:11:     layout_long_grid, erik_orc_4, serial_shops, shop, shop, shop,
          shop_statue, nicolae_shop_window_shopping, nemelex_spade_bored_becter,
          uniq_snorg, uniq_urug
Temple:   regret_index_temple_sigil_plot
Lair:1:   layout_chaotic_city, hellmonk_ghost_happy_afterlife, uniq_gastronok
Lair:2:   regret_index_tunnel_blossom, layout_cave_pods, swamp_mist
Lair:3:   layout_long_grid, guppyfry_snake_entry_island
Lair:4:   layout_cave_shapes, infiniplex_staircase_pool, lemuel_fruit_tree,
          grunt_megastairs_1
Lair:5:   layout_misc_corridors, nicolae_quartered_pool_impasse
Lair:6:   minmay_lair_end_frog_pond, layout_small_grid,
          minmay_slime_entry_jelly_boxes, lemuel_fruit_fields
Swamp:1:  gammafunk_worm_tunnel, layout_falls_marsh, serial_swamp_ruin,
          evilmike_swamp_ruin_rubble_2, evilmike_swamp_ruin_house_3, uniq_nikola
Slime:1:  layout_caves

Skill      XL: |  1  2  3  4  5  6  7  8  9 10 11 12 13 14 15 |
---------------+----------------------------------------------+-----
Stealth        | 4 5 6 7 8 10 12 13 15 17 19 20 | 20.0
Short Blades   | 1 2 3 4 5 6 7 9 10 11 | 11.7
Fighting       | 1 2 3 4 5 6 7 |  7.2
Dodging        | 2 3 4 5 6 7 |  7.0
Hexes          | 4 5 6 7 8 9 10 11 | 11.4
Shields        | 1 2 3 4 |  4.7
Ice Magic      | 1 2 |  2.6
Spellcasting   | 3 4 |  4.6
Throwing       | 1 |  1.1
Armour         | 2 3 |  3.3
Evocations     | 1 |  1.1

Action                   |  1- 3 |  4- 6 |  7- 9 | 10-12 | 13-15 || total
-------------------------+-------+-------+-------+-------+-------++-------
Melee: Dagger            |   107 |   194 |   377 |    23 |       ||   701
       Bite              |    20 |    64 |   105 |   345 |   296 ||   830
       Punch             |       |     2 |     7 |    10 |    10 ||    29
       Quick blade       |       |       |       |   900 |   727 ||  1627
Throw: Dart              |       |       |     2 |     6 |       ||     8
       Throwing net      |       |       |       |     1 |     1 ||     2
 Cast: Ensorcelled Hiber |     2 |     4 |    16 |     7 |     1 ||    30
       Dazzling Flash    |       |       |       |     2 |     1 ||     3
Evoke: Wand              |       |       |     2 |     7 |     5 ||    14
       Condenser vane    |       |       |       |       |     1 ||     1
  Use: Potion            |     1 |     2 |       |     2 |     3 ||     8
       Scroll            |     6 |     2 |    11 |    15 |    15 ||    49
 Stab: Invisible         |     1 |     2 |       |     3 |       ||     6
       Sleeping          |     6 |     5 |    16 |    31 |    19 ||    77
       Distracted        |       |       |       |    14 |    33 ||    47
Armor: Robe              |    20 |    43 |    96 |    15 |       ||   174
       Leather armour    |       |       |       |   104 |   154 ||   258
Dodge: Dodged            |    50 |    67 |   176 |   215 |   212 ||   720
Block: Other             |    23 |    36 |    59 |    73 |    61 ||   252
       Reflection        |       |     1 |       |       |     1 ||     2

Table legend: (Time is in decaauts)
 A = Elapsed time spent in this place.
 B = Non-inter-level travel time spent in this place.
 C = Inter-level travel time spent in this place.
 D = Time resting spent in this place.
 E = Time spent auto-exploring this place.
 F = Levels seen in this place.
 G = Mean time per level.
                   A        B        C        D        E       F      G
               +--------+--------+--------+--------+--------+-----+--------+
         Total |  18072 |  16218 |   1854 |    574 |  11099 |  21 |  860.6 |
       Dungeon |  10088 |   8617 |   1471 |    439 |   6118 |  11 |  917.1 |
        Temple |    278 |    246 |     32 |      0 |    227 |   1 |  278.0 |
          Lair |   5961 |   5616 |    345 |     52 |   4198 |   6 |  993.5 |
         Swamp |    891 |    886 |      5 |     83 |    518 |   1 |  891.0 |
    Slime Pits |      8 |      8 |      0 |      0 |      0 |   1 |    8.0 |
        Bailey |    844 |    844 |      0 |      0 |     37 |   1 |  844.0 |
               +--------+--------+--------+--------+--------+-----+--------+

Top non-repeatable levels by time:
     D:1: 1467 daAuts
    D:10: 1424 daAuts
  Lair:6: 1394 daAuts
     D:8: 1317 daAuts
  Lair:2: 1236 daAuts
  Lair:3: 1074 daAuts
     D:9: 1000 daAuts
     D:5: 956 daAuts
     D:7: 951 daAuts
     D:2: 914 daAuts
  Lair:1: 893 daAuts
 Swamp:1: 891 daAuts
     D:4: 867 daAuts
  Bailey: 844 daAuts
  Lair:5: 784 daAuts
